 Dungeon Crawl Stone Soup version 0.28-b1-1-g3c77fb2ed1 (webtiles) character file.

Game seed: 9208644347962818496

42 viiviliisa the Conjurer (level 3, -5/19 (20) HPs)
             Began as a Tengu Conjurer on Jan 30, 2022.
             Slain by Crazy Yiuf (14 damage)
             ... on level 2 of the Dungeon.
             The game lasted 00:03:43 (1448 turns).

viiviliisa the Conjurer (Tengu Conjurer)            Turns: 1448, Time: 00:03:44

HP:   -5/19 (20)    AC:  2    Str:  7    XL:     3   Next: 56%
MP:   4/8           EV: 12    Int: 20    God:
Gold: 50            SH:  0    Dex: 12    Spells: 4/7 levels left

rFire   . . .      SeeInvis .   g - staff of conjuration
rCold   . . .      Faith    .   (no shield)
rNeg    . . .      Spirit   .   a - +0 robe
rPois   .          Reflect  .   (helmet restricted)
rElec   .          Harm     .   (no cloak)
rCorr   .          Rampage  .   (no gloves)
Will    .....                   (boots unavailable)
Stlth   ++........              (no amulet)
HPRegen 0.06/turn               (no ring)
MPRegen 0.11/turn               (no ring)

@: drained
A: beak, talons 3
a: no special abilities


You were on level 2 of the Dungeon.
You visited 1 branch of the dungeon, and saw 2 of its levels.

You collected 50 gold pieces.

Inventory:

Hand Weapons
 d - a +1 short sword of speed
Armour
 a - a +0 robe (worn)
 h - a +0 ring mail
Magical Staves
 g - a staff of conjuration (weapon)
Scrolls
 b - a scroll of identify {unknown}
 f - a scroll of immolation {unknown}
Potions
 c - a potion of invisibility {unknown}
 e - a potion of attraction {unknown}


   Skills:
 + Level 0.4 Fighting
 - Level 2.1 Dodging
 - Level 2.0 Stealth
 + Level 2.8 Spellcasting
 + Level 6.1 Conjurations


You had 4 spell levels left.
You knew the following spells:

 Your Spells              Type           Power      Damage    Failure   Level
a - Magic Dart            Conj           100%       1d8       1%          1
b - Searing Ray           Conj           82%        2d7       1%          2

Your spell library contained the following spells:

 Spells                   Type           Power      Damage    Failure   Level
 Dazzling Flash           Conj/Hex       44%        N/A       12%         3
 Fulminant Prism          Conj/Hex       11%        3d9       38%         4
 Iskenderun's Mystic Bla  Conj/Tloc      22%        2d6       38%         4


Dungeon Overview and Level Annotations

Branches:
Dungeon (2/15)

Altars:

Annotations:
D:2 Crazy Yiuf


Innate Abilities, Weirdness & Mutations

You have a beak for a mouth.
You have claws for feet.


Message History

The worm is almost dead. (Press . to maintain the ray.)
The searing ray hits the worm!
You kill the worm!
You start resting.
Magic restored.
Found a ring mail.
You aren't carrying any pieces of jewellery.
A rat comes into view.
Casting: Searing Ray (safe; 1% risk of failure)
Confirm with . or Enter, or press ? or * to list all spells.
Aiming: Magic Dart (safe; 1% risk of failure)
Press: ? - help, Shift-Dir - straight line, f - rat
Aim: a rat (asleep, 100% to hit)
You feel a surge of power!
The magic dart hits the rat.
You kill the rat!
You open the door.
There is an open door here.
You now have 50 gold pieces (gained 7).
Found a stone staircase leading down.
Found a transparent mace.
Found a runed translucent door.
Crazy Yiuf shouts!
Okay, then.
You open the door.
Casting: Magic Dart (safe; 1% risk of failure)
Confirm with . or Enter, or press ? or * to list all spells.
Aiming: Searing Ray (safe; 1% risk of failure)
Press: ? - help, Shift-Dir - straight line, f - Crazy Yiuf
Aim: Crazy Yiuf, wielding a +3 quarterstaff of chaos and wearing a +0 cloak (84% to hit)
You feel a surge of power!
The searing ray misses Crazy Yiuf. (Press . to maintain the ray.) Crazy Yiuf hits you with a +3 quarterstaff of chaos.
The searing ray hits Crazy Yiuf but does no damage.
Crazy Yiuf hits you with a +3 quarterstaff of chaos.
You feel drained.
The searing ray hits Crazy Yiuf.
Crazy Yiuf is moderately wounded.
Crazy Yiuf hits you with a +3 quarterstaff of chaos!
Ouch! That really hurt!
You die...

##### #)..# #...#
... #g# #@## ......
##.# ....... #.##
....... ##.#
.......# #.# ##.##
........ ..# ##...#
......##.#.# #....#
.........#.# #....#
.##.#.#..#.####....#


You could see Crazy Yiuf.

Vanquished Creatures
  A worm (D:2)
  A dart slug (D:1)
  4 ball pythons
  4 bats
  4 endoplasms
  3 goblins
  2 hobgoblins
  4 jackals (D:1)
  2 kobolds
  2 quokkas (D:1)
  4 rats
31 creatures vanquished.

Notes
Turn   | Place    | Note
-------+----------+-------------------------------------------
     0 | D:1      | viiviliisa the Tengu Conjurer began the quest for the Orb.
     0 | D:1      | Reached XP level 1. HP: 10/10 MP: 4/4
   250 | D:1      | Reached XP level 2. HP: 15/15 MP: 4/6
   440 | D:1      | Learned a level 2 spell: Searing Ray
   796 | D:1      | Reached XP level 3. HP: 19/19 MP: 4/7
   801 | D:1      | Reached skill level 6 in Conjurations
  1441 | D:2      | Found a runed translucent door.
  1442 | D:2      | Noticed Crazy Yiuf
  1448 | D:2      | Slain by Crazy Yiuf

Illustrated notes

Levels and vault maps discovered:
D:1:      ncdulo_wetmaze, layout_rooms
D:2:      minmay_chambers_of_ones, layout_basic, uniq_crazy_yiuf_cottage

Skill      XL: |  1  2  3 |
---------------+----------+-----
Conjurations   | 6 |  6.1
Fighting       | |  0.4
Dodging        | |  2.1
Stealth        | |  2.0
Spellcasting   | |  2.8

Action                   || total
-------------------------++-------
Melee: Short sword       ||     3
 Cast: Magic Dart        ||    54
       Searing Ray       ||     2
Armor: Robe              ||     1
